 Dungeon Crawl Stone Soup version 0.27-a0-1147-gb3d8e82157 (webtiles) character file.

Game seed: 11762350133884724281

10 Shayle the Skirmisher (level 2, -2/23 HPs)
             Began as a Demonspawn Warper on May 12, 2021.
             Frozen to death by an endoplasm (4 damage)
             ... on level 1 of the Dungeon.
             The game lasted 00:01:28 (417 turns).

Shayle the Skirmisher (Demonspawn Warper)            Turns: 417, Time: 00:01:29

Health: -2/23      AC:  3    Str: 11    XL:     2   Next: 10%
Magic:  5/5        EV: 11    Int: 14    God:
Gold:   9          SH:  0    Dex: 12    Spells: 5/5 levels left

rFire    . . .     SeeInvis .   a - +0 hand axe
rCold    . . .     Faith    .   (no shield)
rNeg     . . .     Spirit   .   b - +0 leather armour
rPois    .         Reflect  .   (no helmet)
rElec    .         Harm     .   (no cloak)
rCorr    .         Rampage  .   (no gloves)
Will     .....                  (no boots)
Stlth    +.........             (no amulet)
HPRegen  0.07/turn              (no ring)
MPRegen  0.09/turn              (no ring)

@: no status effects
A: talons 1
a: no special abilities


You were on level 1 of the Dungeon.
You visited 1 branch of the dungeon, and saw 1 of its levels.

You collected 9 gold pieces.

Inventory:

Hand Weapons
 a - a +0 hand axe (weapon)
Armour
 b - a +0 leather armour (worn)


   Skills:
 + Level 2.8 Fighting
 - Level 1.7 Axes
 - Level 0.8 Throwing
 - Level 0.8 Armour
 - Level 1.7 Dodging
 - Level 2.0 Spellcasting
 - Level 2.6 Translocations


You had 5 spell levels left.
You didn't know any spells.
Your spell library contained the following spells:

 Spells                   Type           Power      Damage    Failure   Level
 Blink                    Tloc           N/A        N/A       16%         2
 Gell's Gravitas          Tloc           4%         N/A       30%         3
 Lesser Beckoning         Tloc           4%         N/A       30%         3
 Teleport Other           Tloc           8%         N/A       30%         3
 Manifold Assault         Tloc           8%         N/A       96%         5


Dungeon Overview and Level Annotations

Branches:
Dungeon (1/15)

Altars:


Innate Abilities, Weirdness & Mutations

You have sharp toenails.


Message History

The kobold blinks!
The kobold is severely wounded.
The kobold throws a stone.
The stone hits you but does no damage.
Unknown command.
Throw: 3 boomerangs (disperse)
Press: ? - help, Q - select action Shift-Dir - straight line, f/p - kobold
Aim: a kobold, wielding a +0 dagger and quivering stones (severely wounded, 50% to hit)
You throw a boomerang of dispersal.
The boomerang of dispersal closely misses the kobold.
Throw: 2 boomerangs (disperse)
Press: ? - help, Q - select action Shift-Dir - straight line, f/p - kobold
Aim: a kobold, wielding a +0 dagger and quivering stones (severely wounded, 50% to hit)
You throw a boomerang of dispersal.
The boomerang of dispersal hits the kobold.
The kobold blinks!
You kill the kobold!
You have reached level 2!
Your demonic ancestry asserts itself...
Your toenails lengthen and sharpen.
You aren't carrying any potions.
Unknown command.
As you read the scroll labelled HARURA JICH, it crumbles to dust.
The scroll dissolves into smoke.
It was a scroll of fog.
Unknown command.
You hit the endoplasm.
You kill the endoplasm!
Unknown command.
You aren't carrying any scrolls.
Unknown command.
Throw: boomerang (disperse)
Press: ? - help, Q - select action Shift-Dir - straight line, f - endoplasm
Aim: an endoplasm (grey smoke, 85% to hit)
You throw a boomerang of dispersal.
The boomerang of dispersal barely misses the endoplasm.
The endoplasm hits you but does no damage.
You hit the endoplasm. You claw the endoplasm.
The endoplasm is heavily wounded.
The endoplasm freezes you.
You are frozen.
You die...

#..............###
#.........#..J.#
#.........#..†♣#♣##
#.........#.♣J....♣.#
###.......#..KJ?....#
##.#..)§.#♣.......♣#
##PPPP§§§§##.......#
#..P♣§§§§§#♣.......♣
..P♣.§§@J§##.......#
♣.§§§§§##♣.....♣#
♣P..§§§§....♣.♣##
♣P...[#######...#
.P...# ##### .P..#
...# ###


You could see an endoplasm.

Vanquished Creatures
  An endoplasm (D:1)
  4 jackals (D:1)
  2 bats (D:1)
  2 kobolds (D:1)
9 creatures vanquished.

Vanquished Creatures (others)
  4 fungi (D:1)
  3 plants (D:1)
7 creatures vanquished.

Grand Total: 16 creatures vanquished

Notes
Turn   | Place    | Note
-------+----------+-------------------------------------------
     0 | D:1      | Shayle the Demonspawn Warper began the quest for the Orb.
     0 | D:1      | Reached XP level 1. HP: 16/16 MP: 3/3
   413 | D:1      | Gained mutation: You have sharp toenails. [demonic
                  | ancestry]
   413 | D:1      | Reached XP level 2. HP: 2/23 MP: 5/5
   417 | D:1      | Frozen to death by an endoplasm

Illustrated notes

Levels and vault maps discovered:
D:1:      grunt_arrival_crossed_arrows, layout_basic,
          shapermc_ecumenical_altar_gd, serial_forest,
          infiniplex_forest_clump_long, infiniplex_forest_clump_diagonal,
          infiniplex_forest_lined_ring, infiniplex_forest_clump_curved,
          infiniplex_forest_clump_small, lemuel_old_faithful

Action                   || total
-------------------------++-------
Melee: Hand axe          ||    23
       Kick              ||     1
Throw: Boomerang         ||     5
  Use: Scroll            ||     2
Armor: Leather armour    ||    11
Dodge: Dodged            ||    20

Table legend: (Time is in decaauts)
 A = Elapsed time spent in this place.
 B = Non-inter-level travel time spent in this place.
 C = Inter-level travel time spent in this place.
 D = Time resting spent in this place.
 E = Time spent auto-exploring this place.
 F = Levels seen in this place.
 G = Mean time per level.
                   A        B        C        D        E       F      G
               +--------+--------+--------+--------+--------+-----+--------+
         Total |    423 |    423 |      0 |      0 |    332 |   1 |  423.0 |
       Dungeon |    423 |    423 |      0 |      0 |    332 |   1 |  423.0 |
               +--------+--------+--------+--------+--------+-----+--------+

Top non-repeatable levels by time:
     D:1: 423 daAuts
